 Dungeon Sprint DCSS version 0.16.2-2-g470672f (webtiles) character file.

3000000 ztt the Plane Walker (level 20, -72/216 HPs)
             Began as a Ghoul Warper on Aug 27, 2015.
             Was the Champion of Makhleb.
             Annihilated by a destroyer
             ... wielding a +9 great sword of slicing
              (238 damage)
             ... in the Dungeon (Sprint VIII: "Arena of Blood").
             The game lasted 00:00:49 (30 turns).

ztt the Plane Walker (Ghoul Warper)                   Turns: 30, Time: 00:00:49

Health: -72/216    AC:  4    Str: 18    XL:     20   Next: 53%
Magic:  8/45       EV: 28    Int:  8    God:    Makhleb [******]
Gold:   0          SH:  0    Dex: 14    Spells: 1 memorised, 70 levels left

rFire  . . .     SeeInvis .     j - +∞ Axe of Woe
rCold  + . .     Clarity  .     b - +0 leather armour
rNeg   + + +     SustAb   .     (no shield)
rPois  ∞         Gourm    .     (no helmet)
rElec  .         Spirit   .     (no cloak)
rCorr  .         Warding  .     (no gloves)
rMut   .         NoTele   +     (no boots)
MR     +....                    (no amulet)
Stlth  +++++.....               (no ring)
                                (no ring)

@: rotting, somewhat resistant to hostile enchantments, quite stealthy
A: rotting body, claws 1, carnivore 3, cold resistance 1, negative energy
resistance 3, poison resistance, slow healing 1, torment resistance, unbreathing
a: Minor Destruction, Lesser Servant of Makhleb, Major Destruction, Greater
Servant of Makhleb, Renounce Religion


You were in the Dungeon.
You worshipped Makhleb.
Makhleb was exalted by your worship.
You were not hungry.

You visited 1 branch

Inventory:

Hand weapons
 a - a +0 hand axe
 j - the +∞ Axe of Woe (weapon)
   (You found it in the Dungeon)
Missiles
 e - 5 tomahawks of dispersal (quivered)
Armour
 b - a +0 leather armour (worn)
Scrolls
 d - 2 scrolls of blinking
Potions
 f - a potion of curing
 g - a potion of heal wounds
 h - a potion of haste
 i - 2 potions of magic
Books
 c - a book of Spatial Translocations

   Spells                             Type                      Level
   a - Apportation                    Translocation                1
   b - Blink                          Translocation                2
   c - Shroud of Golubria             Charms/Translocation         2
   d - Portal Projectile              Translocation                3
   e - Teleport Other                 Translocation                3
   f - Passage of Golubria            Translocation                4


   Skills:
 O Level 27 Fighting
 O Level 27 Axes
 + Level 12.8 Throwing
 + Level 12.6 Armour
 + Level 25.1 Dodging
 + Level 12.6 Stealth
 + Level 26.1 Spellcasting
 O Level 27 Translocations


You had 70 spell levels left.
You knew the following spells:

 Your Spells              Type           Power        Failure   Level  Hunger
a - Apportation           Tloc           ######....   0%          1    None


Dungeon Overview and Level Annotations

Branches:
Dungeon (1/1)

Altars:
Makhleb


Innate Abilities, Weirdness & Mutations

Your body is rotting away.
You thrive on raw meat.
You have sharp fingernails.
You are carnivorous and can eat meat at any time.
Your flesh is cold resistant.
You are immune to negative energy.
Your system is resistant to poisons.
You heal slowly when monsters are visible.
You are immune to unholy pain and torment.
You can survive without breathing.


Message History

You dissect the meat berserker like a pig carcass.
You kill the meat berserker!
Makhleb accepts your kill.
You feel a little better.
Your Dodging skill increases to level 25!
Your Stealth skill increases to level 12!
Your Spellcasting skill increases to level 26!
You are engulfed in roaring flames.
You hear a shout! x5
The destroyer blinks!
Unknown command.
You hear a shout! x5
The sculptor of flesh appears out of thin air!
A sculptor of flesh comes into view. It is wielding a +9 great sword.
The destroyer appears out of thin air!
A destroyer comes into view.
It is wielding a +9 great sword of slicing.
The destroyer is engulfed in roaring flames.
The destroyer hits you with a +9 great sword of slicing!!!!!
Ouch! That really hurt!
You die...

......§).###..%....
....###%.).o.V###.
....#.%.).o.# ...
.....#.)))%%.#....
.....V............
.......§..)...z..#
..%....o§§§....#.
.......V§§§§..##...
...#...@§§§.#...%
.............# ..#
..##.#....o.... o
.............. #.
..#....%### .
...........
...........
.....=... ###


You could see 3 destroyers, a sculptor of flesh (wandering) and 4 bags of meat.

Vanquished Creatures
  2 hill giants (D)
  7 ogres (D)
  21 orcs (D)
30 creatures vanquished.

Notes
Turn   | Place    | Note
--------------------------------------------------------------
     0 | D        | ztt, the Ghoul Warper, began the quest for the Orb.
     0 | D        | Reached XP level 1. HP: 17/17 MP: 2/2
     3 | D        | Noticed a bag of meat
     4 | D        | Became a worshipper of Makhleb the Destroyer
     5 | D        | Noticed a bag of meat
     5 | D        | Noticed a bag of meat
     5 | D        | Noticed a bag of meat
     7 | D        | Killed a bag of meat
     7 | D        | Reached skill level 11 in Fighting
     7 | D        | Reached skill level 17 in Translocations
     7 | D        | Reached XP level 2. HP: 20/40 MP: 2/15
     7 | D        | Reached XP level 3. HP: 23/47 MP: 2/18
     7 | D        | Reached XP level 4. HP: 26/55 MP: 2/19
     7 | D        | Reached XP level 5. HP: 28/61 MP: 2/21
     7 | D        | Reached XP level 6. HP: 31/68 MP: 2/22
     7 | D        | Reached XP level 7. HP: 33/74 MP: 2/23
     7 | D        | Reached XP level 8. HP: 36/82 MP: 2/25
     7 | D        | Reached XP level 9. HP: 39/89 MP: 2/26
     7 | D        | Reached XP level 10. HP: 42/96 MP: 2/27
     7 | D        | Reached XP level 11. HP: 44/102 MP: 2/28
     8 | D        | Noticed a bag of meat
     8 | D        | Killed a bag of meat
     8 | D        | Acquired Makhleb's first power
     8 | D        | Reached skill level 10 in Axes
     8 | D        | Reached skill level 10 in Dodging
     8 | D        | Reached skill level 19 in Translocations
     8 | D        | Reached XP level 12. HP: 46/113 MP: 2/31
     9 | D        | Noticed a bag of meat
     9 | D        | Noticed a bag of meat
     9 | D        | Noticed a bag of meat
     9 | D        | Noticed a meat berserker
     9 | D        | Noticed a bag of meat
     9 | D        | Noticed a bag of meat
     9 | D        | Noticed a bag of meat
    10 | D        | Noticed a bag of meat
    10 | D        | Noticed a meat berserker
    10 | D        | Noticed a bag of meat
    10 | D        | Noticed a bag of meat
    11 | D        | Noticed a bag of meat
    11 | D        | Noticed a bag of meat
    11 | D        | Noticed a meat berserker
    11 | D        | Killed a bag of meat
    11 | D        | Reached skill level 21 in Translocations
    11 | D        | Reached XP level 13. HP: 82/123 MP: 3/32
    11 | D        | Killed a bag of meat
    11 | D        | Acquired Makhleb's second power
    11 | D        | Reached skill level 22 in Translocations
    11 | D        | Reached XP level 14. HP: 87/133 MP: 3/34
    12 | D        | Noticed a bag of meat
    12 | D        | Noticed a bag of meat
    12 | D        | Killed a bag of meat
    12 | D        | Reached skill level 15 in Fighting
    12 | D        | Reached skill level 23 in Translocations
    12 | D        | Killed a bag of meat
    12 | D        | Acquired Makhleb's third power
    12 | D        | Reached XP level 15. HP: 141/144 MP: 3/35
    12 | D        | Killed a bag of meat
    12 | D        | Reached skill level 24 in Translocations
    12 | D        | Killed a meat berserker
    12 | D        | Reached skill level 15 in Axes
    12 | D        | Reached skill level 5 in Throwing
    12 | D        | Reached skill level 15 in Spellcasting
    12 | D        | Reached skill level 25 in Translocations
    13 | D        | Killed a bag of meat
    13 | D        | Acquired Makhleb's fourth power
    13 | D        | Reached skill level 26 in Translocations
    13 | D        | Reached XP level 16. HP: 155/157 MP: 3/37
    13 | D        | Killed a bag of meat
    13 | D        | Reached skill level 15 in Dodging
    13 | D        | Killed a meat berserker
    13 | D        | Acquired Makhleb's fifth power
    13 | D        | Reached skill level 5 in Armour
    13 | D        | Reached skill level 27 in Translocations
    13 | D        | Killed a bag of meat
    14 | D        | Noticed a bag of meat
    14 | D        | Killed a bag of meat
    14 | D        | Reached XP level 17. HP: 168/172 MP: 4/39
    14 | D        | Killed a meat berserker
    14 | D        | Killed a bag of meat
    14 | D        | Killed a bag of meat
    15 | D        | Noticed a meat berserker
    15 | D        | Killed a bag of meat
    15 | D        | Reached XP level 18. HP: 186/189 MP: 4/41
    15 | D        | Killed a bag of meat
    16 | D        | Noticed a meat berserker
    17 | D        | Killed a bag of meat
    17 | D        | Killed a meat berserker
    18 | D        | Noticed a large bag of meat
    18 | D        | Killed a bag of meat
    18 | D        | Killed a bag of meat
    18 | D        | Reached XP level 19. HP: 202/205 MP: 5/43
    19 | D        | Noticed a bag of meat
    20 | D        | Killed a bag of meat
    20 | D        | Reached skill level 27 in Fighting
    20 | D        | Reached skill level 10 in Throwing
    20 | D        | Reached skill level 10 in Armour
    21 | D        | Noticed a bag of meat
    22 | D        | Noticed a meat berserker
    22 | D        | Killed a large bag of meat
    23 | D        | Noticed a bag of meat
    23 | D        | Noticed a meat berserker
    24 | D        | Noticed a large bag of meat
    24 | D        | Killed a large bag of meat
    24 | D        | Reached skill level 27 in Axes
    24 | D        | Reached skill level 5 in Stealth
    25 | D        | Killed a meat berserker
    26 | D        | Noticed a bag of meat
    26 | D        | Killed a bag of meat
    26 | D        | Reached XP level 20. HP: 204/216 MP: 7/44
    27 | D        | Noticed a bag of meat
    27 | D        | Noticed a destroyer
    27 | D        | Killed a bag of meat
    27 | D        | Reached skill level 10 in Stealth
    27 | D        | Noticed a bag of meat
    28 | D        | Noticed a bag of meat
    28 | D        | Noticed a bag of meat
    29 | D        | Noticed a destroyer
    29 | D        | Killed a meat berserker
    29 | D        | Killed a meat berserker
    30 | D        | Annihilated by a destroyer

Action                   |  1- 3 |  4- 6 |  7- 9 | 10-12 | 13-15 | 16-18 | 19-21 || total
-------------------------+-------+-------+-------+-------+-------+-------+-------++-------
Melee: Executioner's axe |     1 |       |       |     2 |     2 |     4 |     7 ||    16
 Stab: Distracted        |       |       |       |       |       |       |     1 ||     1
